 Dungeon Crawl Stone Soup version 0.27.0-1-g7a089689b8 (webtiles) character file.

Game seed: 13220388786326426383

1 kobby the Covert (level 1, -5/23 HPs)
             Began as a Gnoll Delver on Aug 9, 2021.
             Slain by a wyvern (15 damage)
             ... on level 5 of the Dungeon.
             The game lasted 00:02:40 (161 turns).

kobby the Covert (Gnoll Delver)                      Turns: 161, Time: 00:02:41

Health: -5/23      AC:  3    Str: 11    XL:     1   Next: 20%
Magic:  1/1        EV: 13    Int:  9    God:
Gold:   0          SH:  0    Dex: 13    Spells: 0/0 levels left

rFire    . . .     SeeInvis .   a - +0 falchion
rCold    . . .     Faith    .   (no shield)
rNeg     . . .     Spirit   .   b - +0 leather armour
rPois    .         Reflect  .   (no helmet)
rElec    .         Harm     .   (no cloak)
rCorr    .         Rampage  .   (no gloves)
Will     .....                  (no boots)
Stlth    ++++......             (no amulet)
HPRegen  0.07/turn              (no ring)
MPRegen  0.07/turn              (no ring)

@: hasted, very quick
A: fangs 1, strong nose, distributed training
a: no special abilities


You were on level 5 of the Dungeon.
You visited 1 branch of the dungeon, and saw 1 of its levels.

Inventory:

Hand Weapons
 a - a +0 falchion (weapon)
Armour
 b - a +0 leather armour (worn)
Wands
 g - a wand of digging (3)
 i - a wand of flame (10)
Scrolls
 c - a scroll of fog
 d - a scroll of magic mapping
 h - a scroll of identify {unknown}


   Skills:
 + Level 6.4 Fighting
 + Level 0.0 Short Blades
 + Level 4.4 Long Blades
 + Level 0.0 Axes
 + Level 0.0 Maces & Flails
 + Level 0.0 Polearms
 + Level 0.0 Staves
 + Level 0.0 Slings
 + Level 0.0 Bows
 + Level 0.0 Crossbows
 + Level 0.0 Throwing
 + Level 0.0 Armour
 + Level 4.4 Dodging
 + Level 9.5 Stealth
 + Level 0.0 Shields
 + Level 0.0 Unarmed Combat
 + Level 0.0 Spellcasting
 + Level 0.0 Conjurations
 + Level 0.0 Hexes
 + Level 0.0 Summonings
 + Level 0.0 Necromancy
 + Level 0.0 Translocations
 + Level 0.0 Transmutations
 + Level 0.0 Fire Magic
 + Level 0.0 Ice Magic
 + Level 0.0 Air Magic
 + Level 0.0 Earth Magic
 + Level 0.0 Poison Magic
 + Level 0.0 Invocations
 + Level 0.0 Evocations


You couldn't memorise any spells.
You didn't know any spells.
Your spell library was empty.

Dungeon Overview and Level Annotations

Branches:
Dungeon (5/15)
 Temple: D:4-7

Altars:

Annotations:
D:5 Edmund


Innate Abilities, Weirdness & Mutations

You have very sharp teeth.
Your uncanny sense of smell can sniff out nearby items.
Your experience applies equally to all skills.


Message History

Found a spear.
Edmund the Younger comes into view.
He is wielding a +2 vorpal flail.
Found a robe.
Found 13 stones.
An adder comes into view.
A wyvern comes into view.
Found a smouldering ring mail and a puce potion.
You don't know any spells.
Found 5 gold pieces.
The helpless adder fails to defend itself.
You hit the adder. You bite the adder, but do no damage.
The adder is moderately wounded.
The adder barely misses you. The adder bites you but does no damage.
You hit the adder. Your bite misses the adder.
The adder is severely wounded.
The wyvern hisses angrily.
The wyvern hisses menacingly.
The adder barely misses you.
You riposte.
You barely miss the adder.
The adder is severely wounded.
As you read the scroll of fear, it crumbles to dust.
You assume a fearsome visage.
The adder looks frightened!
The wyvern looks frightened!
Hit: a) +0 falchion
Press: ? - help, Dir - move target, f - you
Okay, then.
You don't know any spells.
Aiming: Throw Flame
Press: ? - help, Shift-Dir - straight line, f - wyvern
Aim: a wyvern (fleeing, 68% to hit)
The puff of flame hits the wyvern but does no damage.
Your attack snaps the wyvern out of its fear.
The wyvern bites you.
Aiming: Throw Flame
Press: ? - help, Shift-Dir - straight line, f/p - wyvern
Aim: a wyvern (68% to hit)
The puff of flame misses the wyvern.
The wyvern bites you!
Ouch! That really hurt!
You feel yourself speed up. The wyvern bites you!
Ouch! That really hurt!
You die...

#.........# #.........#
#..S......# #.!.......#
#.........# #.........#
##############.....[...#
#...(##.....#...@l.....#
##...#.................#
##...................##
##....................
#....[...........##.$
#.................. .
##...............###
#..............##
#.#.............


You could see a wyvern and an adder (fleeing).

Vanquished Creatures
  A quokka (D:5)
1 creature vanquished.

Notes
Turn   | Place    | Note
-------+----------+-------------------------------------------
     0 | D:5      | Reached skill level 9 in Stealth
     0 | D:5      | kobby the Gnoll Delver began the quest for the Orb.
     0 | D:5      | Reached XP level 1. HP: 23/23 MP: 1/1
    94 | D:5      | Noticed an iguana
   101 | D:5      | Noticed a scorpion
   111 | D:5      | Noticed Edmund
   151 | D:5      | Noticed a wyvern
   161 | D:5      | Slain by a wyvern

Illustrated notes

Levels and vault maps discovered:
D:5:      layout_rooms, serial_shops, shop, kennysheep_cross_room,
          minmay_tree_intersection, uniq_edmund, uniq_ijyb

Skill      XL: | |
---------------+-+-----
Stealth        | |  9.5
Fighting       | |  6.4
Long Blades    | |  4.4
Dodging        | |  4.4

Action                   || total
-------------------------++-------
Melee: Falchion          ||     5
       Bite              ||     1
Evoke: Wand              ||     2
  Use: Scroll            ||     1
       Potion            ||     1
 Stab: Sleeping          ||     2
Armor: Leather armour    ||     3
Dodge: Dodged            ||     4
       Rpst.: Falchion   ||     2
